 Dungeon Crawl Stone Soup version 0.28.0-1-gb440e238dd (webtiles) character file.

Game seed: 11266176704010731819

9 cbfl8 the Sneak (level 2, -2/27 HPs)
             Began as a Minotaur Delver on Feb 23, 2022.
             Slain by a bullfrog (4 damage)
             ... on level 4 of the Dungeon.
             The game lasted 00:00:14 (56 turns).

cbfl8 the Sneak (Minotaur Delver)                     Turns: 56, Time: 00:00:15

Health: -2/27      AC:  6    Str: 16    XL:     2   Next: 3%
Magic:  1/1        EV:  9    Int:  7    God:
Gold:   0          SH:  0    Dex: 11    Spells: 1/1 levels left

rFire   . . .      SeeInvis .   a - +0 hand axe
rCold   . . .      Faith    .   (no shield)
rNeg    . . .      Spirit   .   h - +0 scale mail
rPois   .          Reflect  .   (helmet restricted)
rElec   .          Harm     .   (no cloak)
rCorr   .          Rampage  .   (no gloves)
Will    .....                   (no boots)
Stlth   +.........              (no amulet)
HPRegen 0.09/turn               (no ring)
MPRegen 0.07/turn               (no ring)

@: no status effects
A: horns 2, retaliatory headbutt
a: no special abilities


You were on level 4 of the Dungeon.
You visited 1 branch of the dungeon, and saw 2 of its levels.

Inventory:

Hand Weapons
 a - a +0 hand axe (weapon)
Armour
 b - a +0 leather armour
 h - a +0 scale mail (worn)
Wands
 g - a wand of digging (3)
Scrolls
 c - a scroll of fog
 d - a scroll of magic mapping
 e - a scroll of fear
Potions
 f - a potion of haste


   Skills:
 + Level 3.8 Fighting
 + Level 2.5 Axes
 + Level 2.2 Dodging
 + Level 4.3 Stealth


You had one spell level left.
You didn't know any spells.
Your spell library was empty.

Dungeon Overview and Level Annotations

Branches:
Dungeon (5/15)
 Temple: D:4-7

Altars:


Innate Abilities, Weirdness & Mutations

You have a pair of horns on your head.
You reflexively headbutt those who attack you in melee.


Message History

You closely miss the adder. Your headbutt misses the adder.
The adder bites you. The adder closely misses you. You furiously retaliate!
You headbutt the adder. You barely miss the adder.
The adder is moderately wounded.
The adder bites you but does no damage. The bullfrog closely misses you.
You barely miss the adder.
The adder is moderately wounded.
You hit the bullfrog. The adder barely misses you. You furiously retaliate!
You headbutt the adder.
The bullfrog hits you but does no damage.
The adder bites you. The bullfrog barely misses you.
You miss the adder.
The adder is almost dead.
You miss the bullfrog. The bullfrog barely misses you. The adder bites you.
You are poisoned.
The adder poisons you! The bullfrog barely misses you. You furiously retaliate!
You headbutt the bullfrog, but do no damage.
You hit the adder but do no damage.
The adder is almost dead.
You hit the bullfrog.
You feel sick. The adder bites you. The bullfrog barely misses you.
The adder bites you but does no damage.
You closely miss the adder.
The adder is almost dead.
You hit the bullfrog but do no damage.
You feel sick.
The bullfrog hits you but does no damage.
The adder bites you but does no damage. The bullfrog hits you.
You slash the adder!
You kill the adder!
You hit the bullfrog.
You feel sick.
You are no longer poisoned.
The bullfrog hits you.
* * * LOW HITPOINT WARNING * * *
The bullfrog closely misses you.
You have reached level 2!
You hit the bullfrog. You headbutt the bullfrog!
The bullfrog is severely wounded.
The bullfrog hits you but does no damage.
The bullfrog hits you.
You die...

######### #.......#
#.......# #.......#
#.......# #....†..#
..#....@..#############
.......F.............>#
..#.......#############
#.......# #.......#
###.##### #. #. #.


You could see a bullfrog.

Vanquished Creatures
  An adder (D:4)
1 creature vanquished.

Notes
Turn   | Place    | Note
-------+----------+-------------------------------------------
     0 | D:5      | cbfl8 the Minotaur Delver began the quest for the Orb.
     0 | D:5      | Reached XP level 1. HP: 19/19 MP: 0/0
    47 | D:4      | Noticed a bullfrog
    56 | D:4      | Reached XP level 2. HP: 2/27 MP: 1/1
    56 | D:4      | Slain by a bullfrog

Illustrated notes

Levels and vault maps discovered:
D:4:      layout_basic, serial_shops,
          nicolae_shop_temple_entry_statues_fountains, uniq_edmund
D:5:      layout_cave_pools, kennysheep_mini_moat,
          hangedman_abyss_or_decor_lesser_grid, kennysheep_generic_room_3

Action                   || total
-------------------------++-------
Melee: Hand axe          ||     8
       Headbutt          ||     1
Armor: Scale mail        ||     6
Dodge: Dodged            ||     9
